 Dungeon Crawl Stone Soup version 0.26-a0-259-g1effd001a9 (webtiles) character file.

Game seed: 15743559655152114221

121 Apogee the Poker (level 5, -6/41 HPs)
             Began as a Merfolk Gladiator on July 24, 2020.
             Killed by divine providence
             ... invoked by an orc priest
              (9 damage)
             ... on level 3 of the Dungeon.
             The game lasted 00:05:56 (2344 turns).

Apogee the Poker (Merfolk Gladiator)                Turns: 2344, Time: 00:05:57

Health: -6/41      AC:  7    Str: 14    XL:     5   Next: 5%
Magic:  5/5        EV: 14    Int:  7    God:
Gold:   121        SH:  0    Dex: 17    Spells: 4/4 levels left

rFire    . . .     SeeInvis .   a - +0 trident
rCold    . . .     Faith    .   (no shield)
rNeg     . . .     Spirit   .   b - +0 leather armour
rPois    .         Reflect  .   c - +0 helmet
rElec    .         Harm     .   (no cloak)
rCorr    .                      (no gloves)
MR       .....                  k - +2 pair of boots
Stlth    +.........             (no amulet)
HPRegen  0.13/turn              (no ring)
MPRegen  0.09/turn              (no ring)

@: no status effects
A: change form in water, swift swim, stealthy swim
a: no special abilities


You were on level 3 of the Dungeon.
You were not hungry.

You visited 1 branch of the dungeon, and saw 3 of its levels.

You collected 121 gold pieces.

Inventory:

Hand Weapons
 a - a +0 trident (weapon)
Missiles
 d - 3 throwing nets (quivered) {!f}
 h - 72 stones
 q - 7 boomerangs
Armour
 b - a +0 leather armour (worn)
 c - a +0 helmet (worn)
 k - a +2 pair of boots (worn)
   (You found it on level 2 of the Dungeon)
Jewellery
 l - an uncursed amulet of guardian spirit {unknown}
   (You found it on level 2 of the Dungeon)
 n - an uncursed amulet of magic regeneration
   (You took it off a hobgoblin on level 2 of the Dungeon)
 p - an uncursed ring of wizardry {unknown}
   (You found it on level 2 of the Dungeon)
Scrolls
 f - 2 scrolls of teleportation {unknown}
 g - 4 scrolls of identify {unknown}
 m - a scroll of remove curse {unknown}
 o - 3 scrolls of enchant armour {unknown}
 t - a scroll of fear {unknown}
Potions
 i - a potion of lignification {unknown}
 j - a potion of might {unknown}
 r - a potion of flight {unknown}
 s - a potion of heal wounds {unknown}
Comestibles
 e - 8 rations {!d}


   Skills:
 + Level 3.5 Fighting
 * Level 7.1 Polearms
 - Level 2.0 Throwing
 - Level 4.0 Dodging


You had 4 spell levels left.
You didn't know any spells.
Your spell library was empty.

Dungeon Overview and Level Annotations

Branches:
Dungeon (3/15)

Altars:


Message History

An orc priest comes into view.
It is wielding a +1 falchion of electrocution.
You closely miss the orc wizard.
The orc wizard hits you with a +0 dagger.
You barely miss the orc wizard. The orc wizard completely misses you.
The orc priest calls down the wrath of Beogh upon you.
Beogh smites you!
You hit the orc wizard but do no damage.
The orc wizard miscasts a cantrip.
The orc wizard casts a spell.
The orc wizard seems to speed up.
There is a stone staircase leading down here.
The orc wizard mumbles some strange words.
The orc wizard flickers and vanishes!
Deactivating autopickup; reactivate with Ctrl-A.
Attack whom?
Aim: an orc, wielding a +0 mace You reach to attack!
You hit the orc. You hit the orc.
You kill the orc!
Something hits you but does no damage.
Attack whom?
You reach to attack!
You attack empty space.
Something hits you but does no damage.
You hit something. Something hits you but does no damage.
You closely miss something. Something hits you but does no damage.
Something hits you.
You closely miss something.
You hear some strange, mumbled words.
A puff of flame appears from out of thin air!
The puff of flame hits you.
Unknown command.
Unknown command.
You hear some strange, mumbled words.
A puff of frost appears from out of thin air!
The puff of frost hits you!
* * * LOW HITPOINT WARNING * * *
You hear some strange, mumbled words.
A puff of flame appears from out of thin air!
The puff of flame hits you.
* * * LOW HITPOINT WARNING * * *
Okay, then.
You hear some strange, mumbled words.
A puff of flame appears from out of thin air!
The puff of flame hits you.
* * * LOW HITPOINT WARNING * * *
The orc priest mumbles some strange prayers to Beogh against you.
Beogh smites you!
You die...

#### #o# #.#.# #.....# #.#
#.#.# #...... #.# #####.#.#
##...... #.#
#.....#.###.###... #.#
#.####..##..##.#.. #.# #.#
#.###..###..# #o# #.# #.#
#.#....#. #.# #.# #.#
#.##..### #{# #@# #.#
#.##.#.#. #.#
#.####.###.##..... #######.#
#.##.....#.#####.#
#....##.###.##.....#..>.....
#.##.##oo.o................#
##.##.#########.....####.....
#...#.# #.....# #.####
#...#.# ###.### #.#
#####...#.#########
#.######.####


You could see an orc priest.

Vanquished Creatures
  4 adders (D:2)
  A worm (D:2)
  7 dart slugs
  A leopard gecko (D:3)
  2 orcs (D:3)
  4 bats
  A giant cockroach (D:3)
  9 goblins
  9 hobgoblins
  4 jackals
  9 kobolds
  A quokka (D:2)
  2 ball pythons (D:1)
  6 frilled lizards
  3 rats
63 creatures vanquished.

Notes
Turn   | Place    | Note
-------+----------+-------------------------------------------
     0 | D:1      | Apogee the Merfolk Gladiator began the quest for the Orb.
     0 | D:1      | Reached XP level 1. HP: 16/16 MP: 1/1
   166 | D:1      | Reached XP level 2. HP: 17/23 MP: 2/2
   278 | D:1      | Reached skill level 5 in Polearms
   344 | D:1      | Reached XP level 3. HP: 15/28 MP: 3/3
  1215 | D:2      | Reached skill level 6 in Polearms
  1309 | D:2      | Reached XP level 4. HP: 35/35 MP: 4/4
  1811 | D:2      | Reached skill level 7 in Polearms
  2076 | D:3      | Reached XP level 5. HP: 41/41 MP: 5/5
  2344 | D:3      | Killed from afar by an orc priest

Illustrated notes

Levels and vault maps discovered:
D:1:      giann_horns, layout_basic, st_stairs_14
D:2:      minmay_angry_zag, layout_basic
D:3:      layout_loops_ring, nemelex_xobeh_ov_fountains_minmay, first_ration,
          minmay_misc_feat_pillars, minmay_misc_feat_diagonals

Skill      XL: |  1  2  3  4 |
---------------+-------------+-----
Polearms       | 5 6 7 |  7.1
Fighting       | 3 |  3.5
Throwing       | |  2.0
Dodging        | |  4.0

Action                   |  1- 3 |  4- 6 || total
-------------------------+-------+-------++-------
Melee: Trident           |    99 |   114 ||   213
 Stab: Sleeping          |     2 |       ||     2
       Distracted        |     1 |       ||     1
  Eat: Ration            |     1 |     1 ||     2
Armor: Leather armour    |    32 |    25 ||    57
Dodge: Dodged            |    72 |    47 ||   119

Table legend:
 A = Non-vault XP
 B = Vault XP
 C = Vault XP percentage of total XP
 D = Non-vault monster count
 E = Vault monster count
 F = Vault count percentage of total count
                 A         B        C        D         E       F
            +---------+---------+-------+---------+---------+-------
      Total |     129 |      44 |  25.4 |      52 |      11 |  17.5
            +---------+---------+-------+---------+---------+-------
        D:1 |      55 |       4 |   6.8 |      27 |       3 |  10.0
        D:2 |      58 |      40 |  40.8 |      17 |       8 |  32.0
        D:3 |      16 |       0 |   0.0 |       8 |       0 |   0.0
            +---------+---------+-------+---------+---------+-------
